Capitals vs Sharks

Created - March 21 2011 at 17:47

Goals
1 2 3 T
Capitals 2 2 1 5
Sharks 1 1 0 2
Shots
1 2 3 T
Capitals 3 7 6 16
Sharks 12 14 13 39

Period #1

1. Capitals , Matt Cooke 13 (Steve Eminger) at 0:42
2. Sharks , Alex Tanguay 13 (Francois Beauchemin, Martin Brodeur) at 5:13 (PP)
3. Capitals , Matt Cooke 14 (Tomas Fleischmann, Jeff Halpern) at 6:40

Penalties :
Matt Stajan (WSH) for Boarding (Minor) at 0:46, Marc Methot (WSH) for Holding (Minor) at 4:45, Brian Sutherby (WSH) for Slashing (Double Minor) at 6:45, Matt Cooke (WSH) for Tripping (Minor) at 10:45, Alexander Ovechkin (WSH) for Hooking (Minor) at 11:39, Mark Stuart (SJS) for Fighting (Major) at 17:04, Kimmo Timonen (WSH) for Fighting (Major) at 17:04

Period #2

4. Sharks , Dainius Zubrus 11 (Jack Skille, Eric Belanger) at 1:29
5. Capitals , Mike Green 13 (Alexander Semin, Matt Stajan) at 9:48
6. Capitals , Matt Stajan 10 (Mike Green, Alexander Semin) at 15:02

Penalties :
Douglas Murray (WSH) for Hooking (Minor) at 3:43, Johnny Boychuk (SJS) for Hooking (Minor) at 16:25

Period #3

7. Capitals , Tomas Fleischmann 22 (Matt Cooke, Marc Methot) at 2:34

Penalties :
Mike Green (WSH) for Hooking (Minor) at 0:07, Johnny Boychuk (SJS) for Hooking (Minor) at 5:20, Steve Eminger (WSH) for Hooking (Minor) at 7:52, Douglas Murray (WSH) for Slashing (Minor) at 11:22, Blake Comeau (SJS) for Boarding (Minor) at 13:30, Douglas Murray (WSH) for Tripping (Minor) at 17:40

Goalie Stats

Jimmy Howard (WSH), 37 saves from 39 shots - (0.949), W, 22-32-4, 60:00 minutes
Martin Brodeur (SJS), 6 saves from 11 shots - (0.545), L, 20-31-5, 42:34 minutes
Scott Clemmensen (SJS), 5 saves from 5 shots - (1.000), 17:26 minutes

Players Stats

Capitals
Player Name              G  A  P  +/- PIM S  H  SB FO    MP 
------------------------------------------------------------
Alexander Ovechkin       0  0  0   0  2   0  1  2  1/6   20 
Alexander Semin          0  2  2   2  0   2  0  1  0/3   17 
Alexei Kovalev           0  0  0   2  0   1  0  0  1/1   11 
Brian Sutherby           0  0  0   0  4   0  2  0  3/12  15 
Douglas Murray           0  0  0   0  6   0  4  0  0/0   20 
Jeff Halpern             0  1  1   2  0   0  0  0  9/17  21 
Kimmo Timonen            0  0  0   2  5   0  2  0  0/0   20 
Marc Methot              0  1  1   2  2   0  0  1  0/0   18 
Mark Mancari             0  0  0   0  0   0  0  0  0/0   12 
Matt Cooke               2  1  3   2  2   3  3  0  1/1   14 
Matt Pettinger           0  0  0   0  0   0  0  0  0/2   9  
Matt Stajan              1  1  2   2  2   1  1  0  13/29 19 
Mike Green               1  1  2   2  2   3  0  1  0/0   22 
Ryane Clowe              0  0  0   0  0   2  1  0  2/3   7  
Steve Eminger            0  1  1   2  2   2  0  1  0/0   12 
Tomas Fleischmann        1  1  2   2  0   2  0  0  3/9   21 
Trent Hunter             0  0  0   0  0   0  0  0  0/0   0  
Willie Mitchell          0  0  0   0  0   0  0  2  0/0   21 
Sharks
Player Name              G  A  P  +/- PIM S  H  SB FO    MP 
------------------------------------------------------------
Alex Tanguay             1  0  1  -3  0   5  0  0  1/2   17 
Blake Comeau             0  0  0   0  2   3  4  2  2/3   20 
Brad Staubitz            0  0  0   0  0   0  0  0  0/0   9  
Bryan McCabe             0  0  0  -1  0   1  0  0  0/0   25 
Dainius Zubrus           1  0  1  -1  0   2  0  0  0/1   12 
Eric Belanger            0  1  1  -1  0   0  0  0  8/10  15 
Eric Brewer              0  0  0   0  0   2  1  2  0/0   15 
Erik Christensen         0  0  0   0  0   4  0  0  0/2   17 
Francois Beauchemin      0  1  1  -3  0   3  1  0  0/0   24 
Jack Skille              0  1  1  -1  0   1  1  1  2/2   14 
Jarret Stoll             0  0  0  -1  0   4  5  0  21/34 20 
Johnny Boychuk           0  0  0   0  4   0  0  1  0/0   19 
Marc Savard              0  0  0  -2  0   4  0  0  15/23 21 
Marek Zidlicky           0  0  0  -2  0   2  1  0  0/0   21 
Mark Stuart              0  0  0  -2  5   0  1  1  0/0   8  
Shane Doan               0  0  0  -3  0   6  3  0  0/4   20 
Shane OBrien             0  0  0   0  0   1  0  2  0/0   6  
Tom Kostopoulos          0  0  0   0  0   1  2  0  1/2   11 

3 Stars

1 - Matt Cooke (WSH)
2 - Tomas Fleischmann (WSH)
3 - Matt Stajan (WSH)

Power Play

Capitals - 0 on 3 Attempt(s) - 0.00%
Sharks - 1 on 10 Attempt(s) - 10.00%

Penalty Kill

Capitals - 9 on 10 Attempt(s) - 90.00% - Score 0 goal in Penalty Kill
Sharks - 3 on 3 Attempt(s) - 100.00% - Score 0 goal in Penalty Kill

Game Notes

Mark Stuart beats up Kimmo Timonen at 17:04 of 1st period
Scott Clemmensen enters game at 2:34 of 3rd period
Mark Stuart is injured at 3:11 of 3rd period (Left Foot)

Finance

Level 1 -- Attendance: 4509 (69.37%) -- Ticket Income $450,900.00
Level 2 -- Attendance: 3674 (73.48%) -- Ticket Income $220,440.00
Level 3 -- Attendance: 3038 (86.80%) -- Ticket Income $106,330.00
Level 4 -- Attendance: 1496 (100.00%) -- Ticket Income $29,920.00
Luxury Box -- Attendance: 843 (84.30%) -- Ticket Income $168,600.00
Game was played at the HP Pavilion center
Total Attendance: 13560 (77.50%)
Total Ticket Income: $1,052,577.00
Other Income: $190,710.00
Total Income: $1,243,287.00


Play by Play

Period #1

0:01 of 1st period - Jarret Stoll wins face-off versus Matt Stajan in neutral zone.
0:12 of 1st period - Shot by Jarret Stoll.
0:12 of 1st period - Stopped by Jimmy Howard with a rebound.
0:16 of 1st period - Shot by Bryan McCabe.
0:16 of 1st period - Stopped by Jimmy Howard without a rebound.
0:17 of 1st period - Marc Savard wins face-off versus Brian Sutherby in Capitals zone.
0:20 of 1st period - Shot by Marc Savard.
0:20 of 1st period - Deflect By Shane Doan.
0:20 of 1st period - Stopped by Jimmy Howard without a rebound.
0:21 of 1st period - Marc Savard wins face-off versus Jeff Halpern in Capitals zone.
0:42 of 1st period - Shot by Matt Cooke.
0:42 of 1st period - Goal by Matt Cooke - Capitals : 1 - Sharks : 0.
0:43 of 1st period - Matt Stajan wins face-off versus Jarret Stoll in neutral zone.
0:45 of 1st period - Off-side.
0:46 of 1st period - Jarret Stoll wins face-off versus Matt Stajan in neutral zone.
0:46 of 1st period - Minor Penalty to Matt Stajan for Boarding.
0:47 of 1st period - Jarret Stoll wins face-off versus Alexander Ovechkin in Capitals zone.
1:19 of 1st period - Icing by Blake Comeau.
1:20 of 1st period - Jarret Stoll wins face-off versus Alexander Ovechkin in Sharks zone.
2:04 of 1st period - Shot by Marek Zidlicky.
2:04 of 1st period - Shot Blocked by Willie Mitchell.
2:06 of 1st period - Shot by Marek Zidlicky.
2:06 of 1st period - Shot Misses the Net.
2:08 of 1st period - Shot by Shane Doan.
2:08 of 1st period - Stopped by Jimmy Howard without a rebound.
2:09 of 1st period - Alex Tanguay wins face-off versus Alexander Ovechkin in Capitals zone.
2:10 of 1st period - Shot by Marc Savard.
2:10 of 1st period - Deflect By Shane Doan.
2:10 of 1st period - Stopped by Jimmy Howard without a rebound.
2:11 of 1st period - Marc Savard wins face-off versus Alexander Ovechkin in Capitals zone.
2:30 of 1st period - Matt Pettinger is hit by Shane Doan.
2:36 of 1st period - Shot by Alex Tanguay.
2:36 of 1st period - Stopped by Jimmy Howard without a rebound.
2:37 of 1st period - Blake Comeau wins face-off versus Jeff Halpern in Capitals zone.
2:40 of 1st period - Shot by Erik Christensen.
2:40 of 1st period - Stopped by Jimmy Howard without a rebound.
2:41 of 1st period - Jarret Stoll wins face-off versus Jeff Halpern in Capitals zone.
4:31 of 1st period - Matt Cooke is hit by Jarret Stoll and loses puck.
4:40 of 1st period - Shot by Blake Comeau.
4:40 of 1st period - Shot Misses the Net.
4:42 of 1st period - Shot by Bryan McCabe.
4:42 of 1st period - Shot Blocked by Steve Eminger.
4:44 of 1st period - Shot by Blake Comeau.
4:44 of 1st period - Stopped by Jimmy Howard with a rebound.
4:45 of 1st period - Minor Penalty to Marc Methot for Holding.
4:46 of 1st period - Eric Belanger wins face-off versus Matt Pettinger in Capitals zone.
5:11 of 1st period - Shot by Alex Tanguay.
5:11 of 1st period - Shot Misses the Net.
5:13 of 1st period - Shot by Alex Tanguay.
5:13 of 1st period - Goal by Alex Tanguay - Capitals : 1 - Sharks : 1.
5:14 of 1st period - Matt Stajan wins face-off versus Erik Christensen in neutral zone.
5:40 of 1st period - Shot by Mike Green.
5:40 of 1st period - Shot Misses the Net.
5:42 of 1st period - Shot by Matt Stajan.
5:42 of 1st period - Shot Blocked by Eric Brewer.
5:44 of 1st period - Shot by Alexander Semin.
5:44 of 1st period - Deflect By Alexei Kovalev.
5:44 of 1st period - Shot Blocked by Eric Brewer.
5:46 of 1st period - Shot by Mike Green.
5:46 of 1st period - Shot Blocked by Johnny Boychuk.
6:06 of 1st period - Shot by Alex Tanguay.
6:06 of 1st period - Stopped by Jimmy Howard without a rebound.
6:07 of 1st period - Eric Belanger wins face-off versus Jeff Halpern in Capitals zone.
6:18 of 1st period - Shot by Mark Stuart.
6:18 of 1st period - Shot Blocked by Marc Methot.
6:36 of 1st period - Shot by Matt Cooke.
6:36 of 1st period - Shot Misses the Net.
6:38 of 1st period - Shot by Matt Cooke.
6:38 of 1st period - Shot Misses the Net.
6:40 of 1st period - Shot by Matt Cooke.
6:40 of 1st period - Goal by Matt Cooke - Capitals : 2 - Sharks : 1.
6:41 of 1st period - Brian Sutherby wins face-off versus Marc Savard in neutral zone.
6:43 of 1st period - Willie Mitchell is hit by Francois Beauchemin and loses puck.
6:45 of 1st period - Double Minor Penalty to Brian Sutherby for Slashing.
6:46 of 1st period - Marc Savard wins face-off versus Matt Stajan in Capitals zone.
7:05 of 1st period - Shot by Francois Beauchemin.
7:05 of 1st period - Shot Misses the Net.
7:23 of 1st period - Shot by Alex Tanguay.
7:23 of 1st period - Shot Misses the Net.
7:25 of 1st period - Shot by Shane Doan.
7:25 of 1st period - Shot Misses the Net.
7:27 of 1st period - Shot by Shane Doan.
7:27 of 1st period - Stopped by Jimmy Howard without a rebound.
7:28 of 1st period - Jeff Halpern wins face-off versus Jarret Stoll in Capitals zone.
7:28 of 1st period - Jeff Halpern is hit by Blake Comeau.
7:48 of 1st period - Tomas Fleischmann is hit by Jarret Stoll and loses puck.
8:31 of 1st period - Shot by Alex Tanguay.
8:31 of 1st period - Shot Misses the Net.
8:33 of 1st period - Shot by Marek Zidlicky.
8:33 of 1st period - Shot Blocked by Mike Green.
8:58 of 1st period - Icing by Jarret Stoll.
8:59 of 1st period - Jarret Stoll wins face-off versus Jeff Halpern in Sharks zone.
10:04 of 1st period - Shot by Ryane Clowe.
10:04 of 1st period - Stopped by Martin Brodeur without a rebound.
10:05 of 1st period - Jarret Stoll wins face-off versus Alexander Semin in Sharks zone.
10:45 of 1st period - Minor Penalty to Matt Cooke for Tripping.
10:46 of 1st period - Matt Stajan wins face-off versus Shane Doan in Capitals zone.
11:01 of 1st period - Willie Mitchell is hit by Shane Doan and loses puck.
11:39 of 1st period - Minor Penalty to Alexander Ovechkin for Hooking.
11:40 of 1st period - Jarret Stoll wins face-off versus Matt Stajan in Capitals zone.
12:02 of 1st period - Icing by Francois Beauchemin.
12:03 of 1st period - Ryane Clowe wins face-off versus Jarret Stoll in Sharks zone.
12:04 of 1st period - Shot by Brian Sutherby.
12:04 of 1st period - Shot Misses the Net.
12:12 of 1st period - Ryane Clowe is hit by Jarret Stoll.
13:23 of 1st period - Shot by Tom Kostopoulos.
13:23 of 1st period - Shot Misses the Net.
13:49 of 1st period - Jeff Halpern is hit by Tom Kostopoulos and loses puck.
14:26 of 1st period - Alexander Ovechkin is hit by Eric Brewer and loses puck.
15:03 of 1st period - Shot by Alexander Semin.
15:03 of 1st period - Shot Misses the Net.
15:19 of 1st period - Off-side.
15:20 of 1st period - Matt Cooke wins face-off versus Jarret Stoll in neutral zone.
16:05 of 1st period - Bryan McCabe is hit by Matt Cooke and loses puck.
16:19 of 1st period - Icing by Willie Mitchell.
16:20 of 1st period - Eric Belanger wins face-off versus Brian Sutherby in Capitals zone.
16:28 of 1st period - Alexander Ovechkin is hit by Mark Stuart and loses puck.
17:04 of 1st period - Mark Stuart beats up Kimmo Timonen.
17:04 of 1st period - Penalty to Mark Stuart for Fighting.
17:04 of 1st period - Penalty to Kimmo Timonen for Fighting.
17:05 of 1st period - Matt Stajan wins face-off versus Jarret Stoll in Sharks zone.
17:06 of 1st period - Shot by Alexander Ovechkin.
17:06 of 1st period - Shot Misses the Net.
17:08 of 1st period - Shot by Alexander Semin.
17:08 of 1st period - Shot Misses the Net.
17:18 of 1st period - Shot by Alexander Semin.
17:18 of 1st period - Shot Blocked by Shane OBrien.
17:51 of 1st period - Off-side.
17:52 of 1st period - Tomas Fleischmann wins face-off versus Shane Doan in neutral zone.
18:14 of 1st period - Matt Cooke is hit by Blake Comeau and loses puck.
18:47 of 1st period - Icing by Mike Green.
18:48 of 1st period - Matt Stajan wins face-off versus Tom Kostopoulos in Capitals zone.
19:31 of 1st period - Shot by Dainius Zubrus.
19:31 of 1st period - Shot Misses the Net.
19:35 of 1st period - Shot by Shane OBrien.
19:35 of 1st period - Stopped by Jimmy Howard without a rebound.
19:36 of 1st period - Eric Belanger wins face-off versus Tomas Fleischmann in Capitals zone.
19:56 of 1st period - Shot by Tomas Fleischmann.
19:56 of 1st period - Shot Blocked by Shane OBrien.

Period #2

0:01 of 2nd period - Alexei Kovalev wins face-off versus Jarret Stoll in neutral zone.
0:28 of 2nd period - Shot by Erik Christensen.
0:28 of 2nd period - Stopped by Jimmy Howard with a rebound.
0:32 of 2nd period - Shot by Blake Comeau.
0:32 of 2nd period - Shot Misses the Net.
0:34 of 2nd period - Shot by Erik Christensen.
0:34 of 2nd period - Shot Misses the Net.
0:36 of 2nd period - Shot by Blake Comeau.
0:36 of 2nd period - Deflect By Erik Christensen.
0:36 of 2nd period - Stopped by Jimmy Howard without a rebound.
0:37 of 2nd period - Jeff Halpern wins face-off versus Marc Savard in Capitals zone.
0:37 of 2nd period - Jeff Halpern is hit by Shane Doan.
0:49 of 2nd period - Shot by Marc Savard.
0:49 of 2nd period - Stopped by Jimmy Howard without a rebound.
0:50 of 2nd period - Marc Savard wins face-off versus Brian Sutherby in Capitals zone.
1:13 of 2nd period - Shot by Eric Brewer.
1:13 of 2nd period - Stopped by Jimmy Howard without a rebound.
1:14 of 2nd period - Eric Belanger wins face-off versus Jeff Halpern in Capitals zone.
1:23 of 2nd period - Shot by Dainius Zubrus.
1:23 of 2nd period - Stopped by Jimmy Howard with a rebound.
1:25 of 2nd period - Shot by Eric Belanger.
1:25 of 2nd period - Shot Misses the Net.
1:29 of 2nd period - Shot by Dainius Zubrus.
1:29 of 2nd period - Goal by Dainius Zubrus - Capitals : 2 - Sharks : 2.
1:30 of 2nd period - Matt Stajan wins face-off versus Jarret Stoll in neutral zone.
2:04 of 2nd period - Jarret Stoll is hit by Douglas Murray and loses puck.
2:38 of 2nd period - Icing by Steve Eminger.
2:39 of 2nd period - Jeff Halpern wins face-off versus Alex Tanguay in Capitals zone.
3:11 of 2nd period - Alexander Ovechkin is hit by Marek Zidlicky and loses puck.
3:36 of 2nd period - Alexander Ovechkin is hit by Jack Skille and loses puck.
3:41 of 2nd period - Shot by Eric Belanger.
3:41 of 2nd period - Shot Misses the Net.
3:43 of 2nd period - Shot by Eric Brewer.
3:43 of 2nd period - Stopped by Jimmy Howard without a rebound.
3:43 of 2nd period - Minor Penalty to Douglas Murray for Hooking.
3:44 of 2nd period - Jarret Stoll wins face-off versus Matt Stajan in Capitals zone.
3:57 of 2nd period - Shot by Erik Christensen.
3:57 of 2nd period - Shot Misses the Net.
3:59 of 2nd period - Shot by Blake Comeau.
3:59 of 2nd period - Stopped by Jimmy Howard without a rebound.
4:00 of 2nd period - Matt Stajan wins face-off versus Marc Savard in Capitals zone.
5:23 of 2nd period - Kimmo Timonen is hit by Tom Kostopoulos and loses puck.
6:21 of 2nd period - Icing by Mark Stuart.
6:22 of 2nd period - Matt Stajan wins face-off versus Dainius Zubrus in Sharks zone.
6:43 of 2nd period - Shot by Alexander Semin.
6:43 of 2nd period - Shot Misses the Net.
6:47 of 2nd period - Shot by Mike Green.
6:47 of 2nd period - Shot Misses the Net.
6:49 of 2nd period - Shot by Alexander Semin.
6:49 of 2nd period - Stopped by Martin Brodeur without a rebound.
6:50 of 2nd period - Tomas Fleischmann wins face-off versus Marc Savard in Sharks zone.
7:44 of 2nd period - Off-side.
7:45 of 2nd period - Jarret Stoll wins face-off versus Matt Stajan in neutral zone.
7:58 of 2nd period - Blake Comeau is hit by Matt Stajan and loses puck.
8:11 of 2nd period - Matt Stajan is hit by Jarret Stoll and loses puck.
8:20 of 2nd period - Shot by Jarret Stoll.
8:20 of 2nd period - Stopped by Jimmy Howard without a rebound.
8:21 of 2nd period - Jarret Stoll wins face-off versus Brian Sutherby in Capitals zone.
8:22 of 2nd period - Shot by Alex Tanguay.
8:22 of 2nd period - Shot Blocked by Willie Mitchell.
9:26 of 2nd period - Matt Cooke is hit by Jarret Stoll and loses puck.
9:40 of 2nd period - Icing by Francois Beauchemin.
9:41 of 2nd period - Matt Stajan wins face-off versus Jarret Stoll in Sharks zone.
9:46 of 2nd period - Shot by Matt Stajan.
9:46 of 2nd period - Deflect By Alexander Semin.
9:46 of 2nd period - Shot Misses the Net.
9:48 of 2nd period - Shot by Mike Green.
9:48 of 2nd period - Goal by Mike Green - Capitals : 3 - Sharks : 2.
9:49 of 2nd period - Eric Belanger wins face-off versus Matt Stajan in neutral zone.
12:05 of 2nd period - Shot by Blake Comeau.
12:05 of 2nd period - Stopped by Jimmy Howard without a rebound.
12:06 of 2nd period - Marc Savard wins face-off versus Matt Stajan in Capitals zone.
12:54 of 2nd period - Icing by Bryan McCabe.
12:55 of 2nd period - Jeff Halpern wins face-off versus Eric Belanger in Sharks zone.
13:15 of 2nd period - Shot by Jeff Halpern.
13:15 of 2nd period - Deflect By Tomas Fleischmann.
13:15 of 2nd period - Shot Misses the Net.
13:17 of 2nd period - Shot by Matt Cooke.
13:17 of 2nd period - Stopped by Martin Brodeur without a rebound.
13:18 of 2nd period - Brian Sutherby wins face-off versus Shane Doan in Sharks zone.
13:42 of 2nd period - Shot by Francois Beauchemin.
13:42 of 2nd period - Stopped by Jimmy Howard without a rebound.
13:43 of 2nd period - Jarret Stoll wins face-off versus Matt Stajan in Capitals zone.
13:56 of 2nd period - Shot by Jarret Stoll.
13:56 of 2nd period - Stopped by Jimmy Howard without a rebound.
13:57 of 2nd period - Jeff Halpern wins face-off versus Jarret Stoll in Capitals zone.
14:20 of 2nd period - Shot by Jarret Stoll.
14:20 of 2nd period - Shot Misses the Net.
14:22 of 2nd period - Shot by Blake Comeau.
14:22 of 2nd period - Deflect By Erik Christensen.
14:22 of 2nd period - Stopped by Jimmy Howard without a rebound.
14:23 of 2nd period - Tom Kostopoulos wins face-off versus Matt Stajan in Capitals zone.
14:23 of 2nd period - Tom Kostopoulos is hit by Kimmo Timonen.
14:28 of 2nd period - Icing by Matt Stajan.
14:29 of 2nd period - Matt Stajan wins face-off versus Marc Savard in Capitals zone.
15:02 of 2nd period - Shot by Matt Stajan.
15:02 of 2nd period - Goal by Matt Stajan - Capitals : 4 - Sharks : 2.
15:03 of 2nd period - Brian Sutherby wins face-off versus Eric Belanger in neutral zone.
15:06 of 2nd period - Bryan McCabe is hit by Brian Sutherby and loses puck.
16:06 of 2nd period - Marc Savard is hit by Douglas Murray and loses puck.
16:22 of 2nd period - Icing by Blake Comeau.
16:23 of 2nd period - Jeff Halpern wins face-off versus Jarret Stoll in Sharks zone.
16:25 of 2nd period - Minor Penalty to Johnny Boychuk for Hooking.
16:26 of 2nd period - Blake Comeau wins face-off versus Tomas Fleischmann in Sharks zone.
16:43 of 2nd period - Shot by Alexander Semin.
16:43 of 2nd period - Shot Misses the Net.
16:55 of 2nd period - Shot by Tomas Fleischmann.
16:55 of 2nd period - Stopped by Martin Brodeur with a rebound.
17:01 of 2nd period - Shot by Mike Green.
17:01 of 2nd period - Shot Blocked by Mark Stuart.
17:03 of 2nd period - Shot by Kimmo Timonen.
17:03 of 2nd period - Shot Misses the Net.
17:05 of 2nd period - Shot by Ryane Clowe.
17:05 of 2nd period - Stopped by Martin Brodeur without a rebound.
17:06 of 2nd period - Jarret Stoll wins face-off versus Jeff Halpern in Sharks zone.
17:19 of 2nd period - Shot by Alexander Semin.
17:19 of 2nd period - Stopped by Martin Brodeur without a rebound.
17:20 of 2nd period - Jarret Stoll wins face-off versus Tomas Fleischmann in Sharks zone.
17:20 of 2nd period - Jarret Stoll is hit by Matt Cooke.
17:27 of 2nd period - Icing by Mike Green.
17:28 of 2nd period - Marc Savard wins face-off versus Tomas Fleischmann in Capitals zone.
17:32 of 2nd period - Icing by Mike Green.
17:33 of 2nd period - Tomas Fleischmann wins face-off versus Blake Comeau in Capitals zone.
17:33 of 2nd period - Tomas Fleischmann is hit by Blake Comeau.
17:43 of 2nd period - Jarret Stoll is hit by Matt Cooke and loses puck.
19:00 of 2nd period - Shot by Marc Savard.
19:00 of 2nd period - Stopped by Jimmy Howard with a rebound.

Period #3

0:01 of 3rd period - Jarret Stoll wins face-off versus Matt Stajan in neutral zone.
0:07 of 3rd period - Minor Penalty to Mike Green for Hooking.
0:08 of 3rd period - Jeff Halpern wins face-off versus Marc Savard in Capitals zone.
1:10 of 3rd period - Icing by Erik Christensen.
1:11 of 3rd period - Jeff Halpern wins face-off versus Jarret Stoll in Sharks zone.
2:30 of 3rd period - Shot by Tomas Fleischmann.
2:30 of 3rd period - Shot Misses the Net.
2:34 of 3rd period - Shot by Tomas Fleischmann.
2:34 of 3rd period - Goal by Tomas Fleischmann - Capitals : 5 - Sharks : 2.
2:34 of 3rd period - Scott Clemmensen enters game.
2:35 of 3rd period - Marc Savard wins face-off versus Brian Sutherby in neutral zone.
2:35 of 3rd period - Marc Savard is hit by Brian Sutherby.
2:46 of 3rd period - Off-side.
2:47 of 3rd period - Matt Stajan wins face-off versus Marc Savard in neutral zone.
3:09 of 3rd period - Icing by Kimmo Timonen.
3:10 of 3rd period - Jack Skille wins face-off versus Matt Stajan in Capitals zone.
3:10 of 3rd period - Mark Stuart is hit by Kimmo Timonen and loses puck.
3:11 of 3rd period - Mark Stuart from Sharks is injured at 3:11 of 3rd period (Left Foot).
3:12 of 3rd period - Jarret Stoll wins face-off versus Brian Sutherby in Capitals zone.
3:37 of 3rd period - Icing by Douglas Murray.
3:38 of 3rd period - Marc Savard wins face-off versus Brian Sutherby in Capitals zone.
3:38 of 3rd period - Marc Savard is hit by Douglas Murray.
4:53 of 3rd period - Shot by Matt Cooke.
4:53 of 3rd period - Shot Misses the Net.
4:55 of 3rd period - Shot by Marc Methot.
4:55 of 3rd period - Shot Misses the Net.
4:57 of 3rd period - Shot by Tomas Fleischmann.
4:57 of 3rd period - Shot Misses the Net.
4:59 of 3rd period - Shot by Marc Methot.
4:59 of 3rd period - Shot Misses the Net.
5:01 of 3rd period - Shot by Steve Eminger.
5:01 of 3rd period - Stopped by Scott Clemmensen with a rebound.
5:03 of 3rd period - Shot by Steve Eminger.
5:03 of 3rd period - Stopped by Scott Clemmensen with a rebound.
5:05 of 3rd period - Shot by Marc Methot.
5:05 of 3rd period - Shot Misses the Net.
5:20 of 3rd period - Minor Penalty to Johnny Boychuk for Hooking.
5:21 of 3rd period - Marc Savard wins face-off versus Tomas Fleischmann in Sharks zone.
5:27 of 3rd period - Icing by Alexander Semin.
5:28 of 3rd period - Marc Savard wins face-off versus Tomas Fleischmann in Capitals zone.
6:46 of 3rd period - Shot by Kimmo Timonen.
6:46 of 3rd period - Shot Blocked by Blake Comeau.
6:58 of 3rd period - Shot by Kimmo Timonen.
6:58 of 3rd period - Shot Blocked by Blake Comeau.
7:52 of 3rd period - Minor Penalty to Steve Eminger for Hooking.
7:53 of 3rd period - Matt Stajan wins face-off versus Shane Doan in Capitals zone.
8:20 of 3rd period - Shot by Shane Doan.
8:20 of 3rd period - Shot Blocked by Alexander Ovechkin.
8:22 of 3rd period - Shot by Francois Beauchemin.
8:22 of 3rd period - Stopped by Jimmy Howard without a rebound.
8:23 of 3rd period - Jarret Stoll wins face-off versus Matt Stajan in Capitals zone.
8:33 of 3rd period - Icing by Blake Comeau.
8:34 of 3rd period - Jarret Stoll wins face-off versus Alexander Semin in Sharks zone.
9:17 of 3rd period - Shot by Marek Zidlicky.
9:17 of 3rd period - Stopped by Jimmy Howard without a rebound.
9:18 of 3rd period - Matt Stajan wins face-off versus Jarret Stoll in Capitals zone.
9:31 of 3rd period - Jarret Stoll is hit by Alexander Ovechkin and loses puck.
10:16 of 3rd period - Shot by Shane Doan.
10:16 of 3rd period - Stopped by Jimmy Howard without a rebound.
10:17 of 3rd period - Marc Savard wins face-off versus Alexander Semin in Capitals zone.
10:22 of 3rd period - Shot by Marc Savard.
10:22 of 3rd period - Shot Blocked by Alexander Semin.
10:40 of 3rd period - Shot by Marc Savard.
10:40 of 3rd period - Stopped by Jimmy Howard without a rebound.
10:41 of 3rd period - Jack Skille wins face-off versus Brian Sutherby in Capitals zone.
11:09 of 3rd period - Icing by Willie Mitchell.
11:10 of 3rd period - Jarret Stoll wins face-off versus Brian Sutherby in Capitals zone.
11:10 of 3rd period - Erik Christensen is hit by Douglas Murray and loses puck.
11:22 of 3rd period - Minor Penalty to Douglas Murray for Slashing.
11:23 of 3rd period - Marc Savard wins face-off versus Matt Pettinger in Capitals zone.
11:48 of 3rd period - Shot by Alex Tanguay.
11:48 of 3rd period - Stopped by Jimmy Howard without a rebound.
11:49 of 3rd period - Jeff Halpern wins face-off versus Erik Christensen in Capitals zone.
12:35 of 3rd period - Shot by Francois Beauchemin.
12:35 of 3rd period - Stopped by Jimmy Howard without a rebound.
12:36 of 3rd period - Marc Savard wins face-off versus Jeff Halpern in Capitals zone.
13:29 of 3rd period - Willie Mitchell is hit by Blake Comeau.
13:30 of 3rd period - Minor Penalty to Blake Comeau for Boarding.
13:31 of 3rd period - Ryane Clowe wins face-off versus Jarret Stoll in Sharks zone.
13:50 of 3rd period - Bryan McCabe is hit by Ryane Clowe and loses puck.
14:25 of 3rd period - Shot by Tomas Fleischmann.
14:25 of 3rd period - Shot Misses the Net.
14:27 of 3rd period - Shot by Mike Green.
14:27 of 3rd period - Stopped by Scott Clemmensen with a rebound.
14:29 of 3rd period - Shot by Mike Green.
14:29 of 3rd period - Stopped by Scott Clemmensen without a rebound.
14:30 of 3rd period - Eric Belanger wins face-off versus Ryane Clowe in Sharks zone.
15:31 of 3rd period - Shot by Alexei Kovalev.
15:31 of 3rd period - Stopped by Scott Clemmensen with a rebound.
15:55 of 3rd period - Shot by Tomas Fleischmann.
15:55 of 3rd period - Shot Blocked by Jack Skille.
16:36 of 3rd period - Shot by Tom Kostopoulos.
16:36 of 3rd period - Stopped by Jimmy Howard without a rebound.
16:37 of 3rd period - Jarret Stoll wins face-off versus Matt Stajan in Capitals zone.
17:25 of 3rd period - Shot by Jack Skille.
17:25 of 3rd period - Stopped by Jimmy Howard without a rebound.
17:26 of 3rd period - Alexander Ovechkin wins face-off versus Marc Savard in Capitals zone.
17:40 of 3rd period - Minor Penalty to Douglas Murray for Tripping.
17:41 of 3rd period - Eric Belanger wins face-off versus Matt Stajan in Capitals zone.
17:42 of 3rd period - Shot by Alex Tanguay.
17:42 of 3rd period - Shot Blocked by Alexander Ovechkin.
17:46 of 3rd period - Shot by Shane Doan.
17:46 of 3rd period - Stopped by Jimmy Howard without a rebound.
17:47 of 3rd period - Marc Savard wins face-off versus Alexander Ovechkin in Capitals zone.
17:50 of 3rd period - Shot by Alex Tanguay.
17:50 of 3rd period - Stopped by Jimmy Howard with a rebound.
17:52 of 3rd period - Shot by Shane Doan.
17:52 of 3rd period - Deflect By Marc Savard.
17:52 of 3rd period - Shot Misses the Net.
17:56 of 3rd period - Shot by Marek Zidlicky.
17:56 of 3rd period - Stopped by Jimmy Howard with a rebound.
17:58 of 3rd period - Shot by Alex Tanguay.
17:58 of 3rd period - Shot Misses the Net.
18:00 of 3rd period - Shot by Marc Savard.
18:00 of 3rd period - Stopped by Jimmy Howard with a rebound.
18:35 of 3rd period - Shot by Johnny Boychuk.
18:35 of 3rd period - Shot Misses the Net.
18:37 of 3rd period - Shot by Bryan McCabe.
18:37 of 3rd period - Shot Misses the Net.
18:41 of 3rd period - Shot by Jarret Stoll.
18:41 of 3rd period - Stopped by Jimmy Howard without a rebound.
18:42 of 3rd period - Jarret Stoll wins face-off versus Matt Stajan in Capitals zone.


Output by the SimonT Hockey Simulator (STHS) for Stephane Roy -- Original Page W3C XHTML 1.0 Valid